 Dungeon Crawl Stone Soup version 0.21-a0-352-g5b8f553 (webtiles) character file.

96973 4thArraOfDagon the Fighter (level 16, -20/165 HPs)
             Began as a Gnoll Monk on Oct 10, 2017.
             Was the Champion of Cheibriados.
             Demolished by an Ice Fiend (28 damage)
             ... summoned by a deep elf demonologist
             ... on level 3 of the Elven Halls.
             The game lasted 00:56:48 (9179 turns).

4thArraOfDagon the Fighter (Gnoll Monk)             Turns: 9179, Time: 00:56:49

Health: -20/165    AC: 30    Str: 36    XL:     16   Next: 18%
Magic:  26/30      EV: 28    Int: 36    God:    Cheibriados [******]
Gold:   502        SH:  0    Dex: 37    Spells: 19/35 levels left

rFire    + + +     SeeInvis .   V - +4 broad axe of Eternal Night {holy, rF+ Str+4 Int+3}
rCold    . . .     Gourm    .   (no shield)
rNeg     + . .     Faith    .   (armour currently unavailable)
rPois    ∞         Spirit   .   (no helmet)
rElec    +         Reflect  .   x - +0 cloak
rCorr    +         Harm     .   (gloves currently unavailable)
MR       ++...     Clarity  +   (boots currently unavailable)
Stlth    +++++++...             F - amulet of Alol {+Rage rF+ Slay+4}
HPRegen  0.37/turn              u - ring of resist corrosion
MPRegen  0.22/turn              X - ring of protection from magic

@: statue-form, very slow
A: distributed training, fangs 1, talons 1, thin skeletal structure 1, agile 1,
clarity, fire resistance 1, strong 1, evolution 1, sturdy frame 1, strong nose
a: End Transformation, Bend Time, Temporal Distortion, Slouch, Step From Time,
Renounce Religion, Evoke Berserk Rage


You were on level 3 of the Elven Halls.
You worshipped Cheibriados.
Cheibriados was exalted by your worship.
You were very full.
You were a stone statue.
You visited 4 branches of the dungeon, and saw 26 of its levels.
You visited the Abyss 1 time.
You also visited: Ice Cave.

You collected 3397 gold pieces.
You spent 2895 gold pieces at shops.

Inventory:

Hand Weapons
 H - the +9 war axe "Seorgh" {chop, *Rage rN+ Str+4}
   (You bought it in a shop on level 2 of the Orcish Mines)

   It inflicts extra damage upon your enemies.
   It affects your strength (+4).
   It protects you from negative energy.
   It may make you go berserk in combat.
 R - the +10 dire flail of the Little People {venom, +Blink rF+++ Str+2 Int+4}
   (You found it on level 10 of the Dungeon)

   It poisons the flesh of those it strikes.
   It affects your strength (+2).
   It affects your intelligence (+4).
   It renders you almost immune to fire.
   It lets you blink.
 U - the +5 battleaxe "Worm" {drain, Int+6 Dex+6}
   (You bought it in a shop on level 3 of the Elven Halls)

   A truly terrible weapon, it drains the life of those it strikes.
   It affects your intelligence (+6).
   It affects your dexterity (+6).
 V - the +4 broad axe of Eternal Night (weapon) {holy, rF+ Str+4 Int+3}
   (You found it on level 10 of the Dungeon)

   It has been blessed by the Shining One to cause great damage to the undead
   and demons.
   It affects your strength (+4).
   It affects your intelligence (+3).
   It protects you from fire.
Missiles
 S - 3 poisoned tomahawks (quivered)
Armour
 p - a +0 pair of gloves (melded)
 w - a +0 troll leather armour (melded)
 x - a +0 cloak (worn)
 z - a +0 shield of cold resistance
 L - the cursed +0 pair of boots of the Wumpus (melded) {rPois rC+}
   (You bought it in a shop on level 3 of the Elven Halls)

   It protects you from cold.
   It protects you from poison.
   It has a curse placed upon it.
Jewellery
 u - a ring of resist corrosion (left hand)
 F - the amulet of Alol (around neck) {+Rage rF+ Slay+4}
   (You bought it in a shop on level 3 of the Elven Halls)

   [amulet of rage]

   It affects your accuracy and damage with ranged weapons and melee attacks
   (+4).
   It protects you from fire.
   It lets you go berserk.
 W - an uncursed ring of flight
 X - a ring of protection from magic (right hand)
Wands
 e - a wand of digging (11/24)
 r - a wand of confusion (17/48)
 s - a wand of acid (8/15)
 G - a wand of digging (5/24)
 J - a wand of paralysis (6/24)
 N - a wand of polymorph (15/24)
 Q - a wand of digging (9/24)
Scrolls
 f - a scroll of immolation
 g - 5 scrolls of remove curse
 k - 5 scrolls of recharging
 m - 2 scrolls of fog
 q - a scroll of amnesia
 v - 5 scrolls of teleportation
 y - 4 scrolls of enchant armour {unknown}
 B - 4 scrolls of enchant weapon
 K - a scroll of magic mapping
 O - 4 scrolls of fear {unknown}
 P - 5 scrolls of blinking {unknown}
Potions
 a - 5 potions of flight {unknown}
 b - 2 potions of might
 h - 2 potions of cancellation {unknown}
 i - 5 potions of agility {unknown}
 j - 5 potions of degeneration {unknown}
 l - 2 potions of lignification
 n - a potion of brilliance
 o - a potion of ambrosia {unknown}
 A - 2 potions of berserk rage
 D - 3 potions of resistance {unknown}
 I - 4 potions of curing
 M - 5 potions of heal wounds {unknown}
 T - 5 potions of mutation {unknown}
 Y - a potion of magic {unknown}
Miscellaneous
 C - a box of beasts
 E - a fan of gales
 Z - a phial of floods
Comestibles
 c - 19 bread rations
 d - 5 royal jellies
 t - 16 meat rations


   Skills:
 + Level 12.1 Fighting
 + Level 10.4 Short Blades
 + Level 10.4 Long Blades
 + Level 12.1 Axes
 + Level 10.4 Maces & Flails
 + Level 10.4 Polearms
 + Level 10.4 Staves
 + Level 10.4 Slings
 + Level 10.4 Bows
 + Level 10.4 Crossbows
 + Level 10.4 Throwing
 + Level 10.4 Armour
 + Level 12.1 Dodging
 + Level 11.2 Stealth
 + Level 10.4 Shields
 + Level 10.4 Unarmed Combat
 + Level 10.4 Spellcasting
 + Level 10.4 Conjurations
 + Level 10.4 Hexes
 + Level 10.4 Charms
 + Level 10.4 Summonings
 + Level 10.4 Necromancy
 + Level 10.4 Translocations
 + Level 10.4 Transmutations
 + Level 10.4 Fire Magic
 + Level 10.4 Ice Magic
 + Level 10.4 Air Magic
 + Level 10.4 Earth Magic
 + Level 10.4 Poison Magic
 + Level 10.4 Invocations
 + Level 10.4 Evocations


You had 19 spell levels left.
You knew the following spells:

 Your Spells              Type           Power        Failure   Level  Hunger
a - Blink                 Tloc           N/A          1%          2    None
b - Statue Form           Tmut/Erth      #######..    4%          6    ####...
c - Apportation           Tloc           ######       1%          1    None
d - Passage of Golubria   Tloc           N/A          1%          4    None
e - Lesser Beckoning      Tloc           #######...   1%          3    None


Dungeon Overview and Level Annotations

Branches:
Dungeon (15/15)            Temple (0/1) D:5            Lair (6/6) D:11
    Orc (2/2) D:9             Elf (3/3) Orc:2        Vaults (0/5) D:13
  Swamp: Lair:2-4    Shoals: Lair:2-4     Snake: Lair:2-4    Spider: Lair:2-4
  Slime: Lair:5-6    Depths: D:15

Altars:
Cheibriados
Dithmenos
Elyvilon
Hepliaklqana
Makhleb
Okawaru
Ru
Xom
Yredelemnul

Shops:
D:10 (   D:11 =   Orc:2 %}(}   Elf:3 =[:(:

Portals:
Hell: Lair:6

Annotations:
Orc:2 4thArraOfDagon's ghost, journeyman GnMo


Innate Abilities, Weirdness & Mutations

Your experience applies equally to all skills.
You have very sharp teeth.
Your uncanny sense of smell can sniff out nearby items.
You have sharp toenails.
((You are partially covered in slimy green scales. (AC +2)))
You have a somewhat thin skeletal structure. (Dex +2, Stealth)
You are agile. (Dex +2)
You possess an exceptional clarity of mind.
Your flesh is heat resistant. (rF+)
Your muscles are strong. (Str +2)
You evolve.
Your movements are slightly less encumbered by armour. (ER -2)


Message History

The Ice Fiend calls on the powers of darkness!
Your body is wracked with pain!
* * * LOW HITPOINT WARNING * * *
Unknown command.
Unknown command.
Unknown command.
You hit the Ice Fiend.
The Ice Fiend convulses.
You claw the Ice Fiend!
You bite the Ice Fiend, but do no damage.
The Ice Fiend is heavily wounded.
The red devil closely misses you. The Ice Fiend gestures at you.
The bolt of cold hits you!
* * * LOW HITPOINT WARNING * * *
Unknown command.
Unknown command.
You fail to use your ability.
The red devil completely misses you. The Ice Fiend claws you.
* * * LOW HITPOINT WARNING * * *
The Ice Fiend freezes you!!
You die...

#≈≈# ####e(#
#*#.##.^############
#.##.....#.##.######
#........)..........
####44...#.##.######
####.#3..##.##.......
##.41#######.#########
##.(..8## #.# ******
##.......#####.# *,,,,,
##..............# *,***,
#...........###.# *,* *,
#............##.# *,***,
#............##.#* *,,,,,
##.........#.#...***,,**,
##.......##......**,,**.
##..............,,,,###


You could see an Ice Fiend, an ice devil, a ynoxinul and a red devil.

Vanquished Creatures
  Kirke (Lair:4)
  2 deep elf sorcerers (Elf:3)
  A frost giant (IceCv)
  2 deep elf demonologists (Elf:3)
  A deep elf annihilator (Elf:3)
  2 deep elf death magi
  2 deep elf high priests
  An ogre mage (D:14)
  Fannar (D:11)
  An ice dragon (D:11)
  Erolcha (D:10)
  2 hydras
  6 dancing weapons
  2 centaur warriors
  Erica (D:9)
  11 two-headed ogres
  A death yak (Lair:6)
  A tengu warrior (D:14)
  6 deep elf knights
  Sonja (Orc:2)
  A sixfirhy (Lair:6)
  An unseen horror (D:14)
  A deep troll (D:13)
  2 wizards
  6 deep elf archers
  30 deep elf magi
  2 orc sorcerers (Orc:2)
  2 manticores (D:11)
  5 ugly things
  4 centaur zombies
  Maurice (D:13)
  3 cyclopes
  8 elephants
  A black mamba (shapeshifter) (Elf:3)
  5 black mambas
  2 ice statues (IceCv)
  A gargoyle (D:11)
  A smoke demon (Lair:6)
  The ghost of Xiguana the Charmwright, a novice GnSk (D:6)
  2 orange demons (Lair:6)
  15 spiny frogs
  A rime drake (Lair:6)
  A kobold demonologist (D:11)
  6 komodo dragons
  2 ice devils (Lair:6)
  A red devil (Lair:6)
  A queen bee (shapeshifter) (Elf:3)
  11 polar bears (IceCv)
  A merfolk (D:13)
  3 trolls
  12 blink frogs
  6 hippogriffs
  Sigmund (D:6)
  2 water elementals (Elf:3)
  A shadow (D:14)
  A spriggan (D:13)
  2 wyverns
  20 yaks
  3 basilisks
  A steam dragon (D:13)
  2 fire elementals
  A hungry ghost (D:14)
  2 vampire mosquitoes (D:14)
  4 hogs (Lair:4)
  A warg (Orc:1)
  5 hell hounds (Lair:6)
  7 water moccasins
  6 porcupines
  8 ice beasts (D:14)
  3 black bears
  35 orc warriors
  5 sky beasts
  12 ogres
  2 phantoms
  24 wolves
  17 centaurs
  9 crocodiles
  16 bullfrogs
  4 scorpions
  8 killer bees
  3 wights (D:6)
  An electric eel (Elf:2)
  5 howler monkeys
  6 crimson imps
  2 quasits
  3 centaur skeletons
  3 hounds
  14 orc priests
  18 orc wizards
  2 bullfrog skeletons (D:11)
  A jelly (D:11)
  4 iguanas
  5 worker ants
  A killer bee zombie (D:5)
  2 hound zombies
  3 hound skeletons
  A howler monkey skeleton (D:11)
  15 adders
  6 gnolls
  3 shadow imps
  An ooze (D:3)
  2 adder skeletons
  An adder zombie (D:9)
  A worm (D:2)
  A dart slug (D:3)
  6 leopard geckos
  54 orcs
  5 bats
  5 giant cockroaches
  4 goblins
  5 hobgoblins
  6 jackals
  6 kobolds
  3 quokkas
  A ball python skeleton (D:4)
  6 frilled lizards
  A leopard gecko skeleton (D:7)
  A quokka skeleton (D:5)
  5 rats
  2 fungi (Lair:6)
  2 plants (Lair:6)
603 creatures vanquished.

Vanquished Creatures (others)
  An unseen horror (D:11)
  An orc warrior (Orc:2)
  An ogre (Orc:2)
  An orc wizard (Orc:2)
  An orc (Orc:2)
  2 plants (Lair:6)
7 creatures vanquished.

Grand Total: 610 creatures vanquished

Notes
Turn   | Place    | Note
-------+----------+-------------------------------------------
     0 | D:1      | 4thArraOfDagon the Gnoll Monk began the quest for the Orb.
     0 | D:1      | Reached XP level 1. HP: 23/23 MP: 1/1
    79 | D:1      | Reached XP level 2. HP: 20/29 MP: 2/2
   103 | D:2      | Found a snail-covered altar of Cheibriados.
   109 | D:2      | Became a worshipper of Cheibriados the Contemplative
   109 | D:2      | Reached * piety under Cheibriados
   109 | D:2      | Reached ** piety under Cheibriados
   248 | D:1      | Reached XP level 3. HP: 32/35 MP: 3/3
   511 | D:2      | Found an iron altar of Okawaru.
   531 | D:2      | Reached skill level 1 in Short Blades
   531 | D:2      | Reached skill level 1 in Long Blades
   531 | D:2      | Reached skill level 1 in Maces & Flails
   531 | D:2      | Reached skill level 1 in Polearms
   531 | D:2      | Reached skill level 1 in Staves
   531 | D:2      | Reached skill level 1 in Slings
   531 | D:2      | Reached skill level 1 in Bows
   531 | D:2      | Reached skill level 1 in Crossbows
   531 | D:2      | Reached skill level 1 in Throwing
   531 | D:2      | Reached skill level 1 in Armour
   531 | D:2      | Reached skill level 1 in Shields
   531 | D:2      | Reached skill level 1 in Unarmed Combat
   531 | D:2      | Reached skill level 1 in Spellcasting
   531 | D:2      | Reached skill level 1 in Conjurations
   531 | D:2      | Reached skill level 1 in Hexes
   531 | D:2      | Reached skill level 1 in Charms
   531 | D:2      | Reached skill level 1 in Summonings
   531 | D:2      | Reached skill level 1 in Necromancy
   531 | D:2      | Reached skill level 1 in Translocations
   531 | D:2      | Reached skill level 1 in Transmutations
   531 | D:2      | Reached skill level 1 in Fire Magic
   531 | D:2      | Reached skill level 1 in Ice Magic
   531 | D:2      | Reached skill level 1 in Air Magic
   531 | D:2      | Reached skill level 1 in Earth Magic
   531 | D:2      | Reached skill level 1 in Poison Magic
   531 | D:2      | Reached skill level 1 in Invocations
   531 | D:2      | Reached skill level 1 in Evocations
   531 | D:2      | Reached XP level 4. HP: 22/41 MP: 5/5
   910 | D:2      | Reached *** piety under Cheibriados
   910 | D:2      | Reached XP level 5. HP: 47/47 MP: 6/6
  1185 | D:3      | Found a basalt altar of Yredelemnul.
  1188 | D:3      | Found a sacrificial altar of Ru.
  1191 | D:3      | Found a white marble altar of Elyvilon.
  1351 | D:3      | Found a shimmering altar of Xom.
  1354 | D:3      | Found a hazy altar of Hepliaklqana.
  1355 | D:3      | Noticed a spectral ugly thing
  1390 | D:3      | Reached **** piety under Cheibriados
  1535 | D:4      | Noticed an ogre
  1539 | D:4      | Reached XP level 6. HP: 53/53 MP: 8/8
  1614 | D:4      | Noticed a sky beast
  1639 | D:4      | Killed a sky beast
  1691 | D:4      | Learned a level 2 spell: Blink
  1695 | D:4      | Learned a level 3 spell: Mephitic Cloud
  1770 | D:5      | Entered Level 5 of the Dungeon
  1834 | D:4      | Reached XP level 7. HP: 59/59 MP: 10/10
  1935 | D:4      | Found a shadowy altar of Dithmenos.
  2163 | D:6      | Noticed Sigmund
  2169 | D:6      | Killed Sigmund
  2169 | D:6      | Reached skill level 5 in Stealth
  2240 | D:5      | Reached XP level 8. HP: 67/67 MP: 12/12
  2255 | D:5      | Found a staircase to the Ecumenical Temple.
  2259 | D:5      | Got a spiked ring mail
  2270 | D:5      | Identified the cursed +0 ring mail of Insecurity {rElec} (You found it on level 5 of the Dungeon)
  2334 | D:5      | Reached ***** piety under Cheibriados
  2586 | D:6      | Got a bloodstained arbalest
  2643 | D:6      | Noticed Xiguana's ghost (novice GnSk)
  2674 | D:6      | Killed Xiguana's ghost
  2735 | D:7      | You fall through a shaft!
  2754 | D:8      | Noticed a wyvern
  2761 | D:8      | Killed a wyvern
  2761 | D:8      | Reached XP level 9. HP: 63/72 MP: 14/14
  3090 | D:10     | Entered Level 10 of the Dungeon
  3203 | D:9      | Noticed Erica
  3212 | D:9      | Killed Erica
  3234 | D:9      | Noticed a two-headed ogre
  3239 | D:9      | Reached XP level 10. HP: 40/80 MP: 17/17
  3242 | D:9      | Killed a two-headed ogre
  3242 | D:9      | Reached skill level 5 in Short Blades
  3242 | D:9      | Reached skill level 5 in Long Blades
  3242 | D:9      | Reached skill level 5 in Maces & Flails
  3242 | D:9      | Reached skill level 5 in Polearms
  3242 | D:9      | Reached skill level 5 in Staves
  3242 | D:9      | Reached skill level 5 in Slings
  3242 | D:9      | Reached skill level 5 in Bows
  3242 | D:9      | Reached skill level 5 in Crossbows
  3242 | D:9      | Reached skill level 5 in Throwing
  3242 | D:9      | Reached skill level 5 in Armour
  3242 | D:9      | Reached skill level 5 in Shields
  3242 | D:9      | Reached skill level 5 in Unarmed Combat
  3242 | D:9      | Reached skill level 5 in Spellcasting
  3242 | D:9      | Reached skill level 5 in Conjurations
  3242 | D:9      | Reached skill level 5 in Hexes
  3242 | D:9      | Reached skill level 5 in Charms
  3242 | D:9      | Reached skill level 5 in Summonings
  3242 | D:9      | Reached skill level 5 in Necromancy
  3242 | D:9      | Reached skill level 5 in Translocations
  3242 | D:9      | Reached skill level 5 in Transmutations
  3242 | D:9      | Reached skill level 5 in Fire Magic
  3242 | D:9      | Reached skill level 5 in Ice Magic
  3242 | D:9      | Reached skill level 5 in Air Magic
  3242 | D:9      | Reached skill level 5 in Earth Magic
  3242 | D:9      | Reached skill level 5 in Poison Magic
  3242 | D:9      | Reached skill level 5 in Invocations
  3242 | D:9      | Reached skill level 5 in Evocations
  3309 | D:9      | Learned a level 1 spell: Apportation
  3322 | D:9      | Found a staircase to the Orcish Mines.
  3372 | D:9      | Gained mutation: Your movements are slightly less encumbered by armour. (ER -2) [mutagenic meat]
  3373 | D:9      | Gained mutation: Your muscles are strong. (Str +2) [mutagenic meat]
  3374 | D:9      | Gained mutation: You have a somewhat thin skeletal structure. (Dex +2, Stealth) [mutagenic meat]
  3375 | D:9      | Gained mutation: Your flesh is heat resistant. (rF+) [mutagenic meat]
  3516 | D:10     | Got a crude dire flail
  3517 | D:10     | Identified the +10 dire flail of the Little People {venom, +Blink rF+++ Str+2 Int+4} (You found it on level 10 of the Dungeon)
  3544 | D:10     | Gained mutation: You evolve. [mutagenic meat]
  3546 | D:10     | Gained mutation: You are partially covered in slimy green scales. (AC +2) [mutagenic meat]
  3547 | D:10     | Gained mutation: You have sharp toenails. [mutagenic meat]
  3549 | D:10     | Gained mutation: You are agile. (Dex +2) [mutagenic meat]
  3631 | D:10     | Noticed Erolcha
  3639 | D:10     | Killed Erolcha
  3647 | D:10     | Got an ichor-stained broad axe
  3648 | D:10     | Identified the +4 broad axe of Eternal Night {holy, rF+ Str+4 Int+3} (You found it on level 10 of the Dungeon)
  3652 | D:10     | Identified the +7 arbalest of the Unseen Realm {flame, rPois} (You found it on level 6 of the Dungeon)
  3668 | D:10     | Found Hopputum's Antique Weapon Boutique.
  3726 | D:11     | Noticed a deep elf mage
  3726 | D:11     | Noticed a white ugly thing
  3727 | D:11     | Noticed a centaur warrior
  3728 | D:11     | Noticed a green ugly thing
  3731 | D:11     | Killed a centaur warrior
  3733 | D:11     | Reached XP level 11. HP: 49/87 MP: 8/19
  3734 | D:11     | Noticed a two-headed ogre
  3734 | D:11     | Noticed a manticore
  3736 | D:11     | Killed a green ugly thing
  3742 | D:10     | Killed a green ugly thing
  3948 | D:11     | Noticed a cyclops
  3957 | D:11     | Killed an unseen horror
  3963 | D:11     | Killed a cyclops
  4060 | D:11     | Noticed Fannar
  4084 | D:11     | Noticed a sun demon
  4100 | D:11     | Noticed a two-headed ogre
  4114 | D:11     | Killed a two-headed ogre
  4115 | D:11     | Noticed a white ugly thing
  4123 | D:11     | Killed a white ugly thing
  4130 | D:11     | Noticed a cyclops
  4131 | D:11     | Noticed an ice dragon
  4167 | D:11     | Killed an ice dragon
  4242 | D:11     | Noticed a two-headed ogre
  4254 | D:11     | Killed a two-headed ogre
  4287 | D:11     | Killed a deep elf mage
  4296 | D:11     | Killed a cyclops
  4296 | D:11     | Reached XP level 12. HP: 74/96 MP: 22/22
  4333 | D:11     | Killed Fannar
  4460 | D:11     | Killed a two-headed ogre
  4570 | D:11     | Found Jaukeih's Jewellery Boutique.
  4600 | D:11     | Found a staircase to the Lair.
  4720 | D:12     | Noticed a two-headed ogre
  4728 | D:12     | Killed a two-headed ogre
  4729 | D:12     | Identified the Guide on Poison and Good Luck
  4758 | D:11     | Noticed a two-headed ogre
  4773 | D:11     | Killed a two-headed ogre
  4953 | D:13     | Noticed a two-headed ogre
  4960 | D:13     | Killed a two-headed ogre
  4973 | D:13     | Reached skill level 10 in Fighting
  4973 | D:13     | Reached skill level 10 in Axes
  4973 | D:13     | Reached skill level 10 in Dodging
  5029 | D:13     | Learned a level 4 spell: Passage of Golubria
  5033 | D:13     | Learned a level 3 spell: Lesser Beckoning
  5048 | D:13     | Noticed Maurice
  5064 | D:13     | Killed Maurice
  5084 | D:14     | Noticed a two-headed ogre
  5099 | D:14     | Killed a two-headed ogre
  5143 | D:14     | Noticed a two-headed ogre
  5154 | D:14     | Noticed an ogre mage
  5154 | D:14     | Noticed a two-headed ogre
  5156 | D:14     | Reached XP level 13. HP: 48/103 MP: 18/24
  5157 | D:14     | Killed an ogre mage
  5224 | D:14     | Found a frozen archway.
  5243 | IceCv    | Entered an ice cave
  5538 | IceCv    | Noticed a frost giant
  5555 | IceCv    | Killed a frost giant
  5603 | IceCv    | Got a bloodstained great sword
  5604 | IceCv    | Identified the cursed +3 great sword of Gallantry {slice, MP+9 Int+3 Dex-2} (You found it in an ice cave)
  5887 | D:15     | Entered Level 15 of the Dungeon
  6027 | D:13     | Found a gate to the Vaults.
  6167 | Orc:1    | Entered Level 1 of the Orcish Mines
  6232 | Orc:2    | Entered Level 2 of the Orcish Mines
  6268 | Orc:2    | Reached XP level 14. HP: 65/111 MP: 26/26
  6269 | Orc:2    | Reached ****** piety under Cheibriados
  6275 | Orc:2    | Noticed Sonja
  6276 | Orc:2    | Killed Sonja
  6462 | Orc:2    | Paralysed by an orc sorcerer for 3 turns
  6580 | Orc:2    | Found a staircase to the Elven Halls.
  6597 | Orc:2    | Noticed 4thArraOfDagon's ghost (journeyman GnMo)
  6610 | Orc:2    | Found Neofoz's Antique Weapon Emporium.
  6610 | Orc:2    | Found Orchurph's Gadget Boutique.
  6612 | Orc:2    | Found Timuew's Food Shop.
  6614 | Orc:2    | Found Mismumoc's Gadget Shoppe.
  6620 | Orc:2    | Bought a steaming war axe for 212 gold pieces
  6622 | Orc:2    | Identified the +9 war axe "Seorgh" {chop, *Rage rN+ Str+4} (You bought it in a shop on level 2 of the Orcish Mines)
  6758 | Lair:1   | Entered Level 1 of the Lair of Beasts
  7108 | Lair:3   | Reached skill level 10 in Stealth
  7285 | Lair:5   | Gained mutation: You possess an exceptional clarity of mind. [evolution]
  7480 | Lair:6   | Entered Level 6 of the Lair of Beasts
  7696 | Lair:6   | Noticed a dire elephant
  7752 | Lair:6   | Found a burning altar of Makhleb.
  7753 | Lair:6   | Reached XP level 15. HP: 93/119 MP: 28/28
  7788 | Lair:6   | Found a gateway to Hell.
  7807 | Lair:6   | Got a slimy diamond amulet
  7809 | Lair:6   | Identified the amulet "Xaigonn" {Spirit Dex+2} (You found it on level 6 of the Lair of Beasts)
  7993 | Lair:4   | Noticed Kirke
  8008 | Lair:4   | Killed Kirke
  8266 | Elf:1    | Entered Level 1 of the Elven Halls
  8422 | Elf:1    | Reached skill level 10 in Short Blades
  8422 | Elf:1    | Reached skill level 10 in Long Blades
  8422 | Elf:1    | Reached skill level 10 in Maces & Flails
  8422 | Elf:1    | Reached skill level 10 in Polearms
  8422 | Elf:1    | Reached skill level 10 in Staves
  8422 | Elf:1    | Reached skill level 10 in Slings
  8422 | Elf:1    | Reached skill level 10 in Bows
  8422 | Elf:1    | Reached skill level 10 in Crossbows
  8422 | Elf:1    | Reached skill level 10 in Throwing
  8422 | Elf:1    | Reached skill level 10 in Armour
  8422 | Elf:1    | Reached skill level 10 in Shields
  8422 | Elf:1    | Reached skill level 10 in Unarmed Combat
  8422 | Elf:1    | Reached skill level 10 in Spellcasting
  8422 | Elf:1    | Reached skill level 10 in Conjurations
  8422 | Elf:1    | Reached skill level 10 in Hexes
  8422 | Elf:1    | Reached skill level 10 in Charms
  8422 | Elf:1    | Reached skill level 10 in Summonings
  8422 | Elf:1    | Reached skill level 10 in Necromancy
  8422 | Elf:1    | Reached skill level 10 in Translocations
  8422 | Elf:1    | Reached skill level 10 in Transmutations
  8422 | Elf:1    | Reached skill level 10 in Fire Magic
  8422 | Elf:1    | Reached skill level 10 in Ice Magic
  8422 | Elf:1    | Reached skill level 10 in Air Magic
  8422 | Elf:1    | Reached skill level 10 in Earth Magic
  8422 | Elf:1    | Reached skill level 10 in Poison Magic
  8422 | Elf:1    | Reached skill level 10 in Invocations
  8422 | Elf:1    | Reached skill level 10 in Evocations
  8598 | Elf:3    | Entered Level 3 of the Elven Halls
  8654 | Elf:3    | Found Vopaihynk's Antique Weapon Shop.
  8660 | Elf:3    | Bought a slimy battleaxe for 425 gold pieces
  8662 | Elf:3    | Identified the +5 battleaxe "Worm" {drain, Int+6 Dex+6} (You bought it in a shop on level 3 of the Elven Halls)
  8673 | Elf:3    | Found Foasha's Book Emporium.
  8673 | Elf:3    | Noticed a deep elf sorcerer
  8699 | Elf:3    | Cast into level 3 of the Abyss (a deep elf sorcerer)
  8705 | Abyss:3  | Identified a scroll of acquirement
  8723 | Elf:3    | Escaped the Abyss
  8726 | Elf:3    | Killed a deep elf sorcerer
  8744 | Elf:3    | :*
  8837 | Elf:3    | Found Teygaf's Antique Armour Shoppe.
  8850 | Elf:3    | Found Futiff's Jewellery Shoppe.
  8855 | Elf:3    | Found Meogito's Book Emporium.
  8861 | Elf:3    | Bought a book of the Earth for 910 gold pieces
  8868 | Elf:3    | Learned a level 6 spell: Statue Form
  8873 | Elf:3    | Bought a pair of transparent boots for 199 gold pieces
  8885 | Elf:3    | Identified the cursed +0 pair of boots of the Wumpus {rPois rC+} (You bought it in a shop on level 3 of the Elven Halls)
  8896 | Elf:3    | Bought the amulet of Alol {+Rage rF+ Slay+4} for 849 gold pieces
  8905 | Elf:3    | Bought an uncursed ring of protection from magic for 300 gold pieces
  8923 | Elf:3    | Reached XP level 16. HP: 98/127 MP: 30/30
  9172 | Elf:3    | Noticed an Ice Fiend
  9174 | Elf:3    | Noticed an Ice Fiend
  9179 | Elf:3    | HP: 8/165 [Ice Fiend[a deep elf demonologist] (5)]
  9179 | Elf:3    | Demolished by an Ice Fiend

Vault maps used:
D:1:      roderic_crop_circles_arrival_small
D:2:      old_standard_altar, cheibriados_altar_1
D:3:      regret_index_temple_of_mockery, grunt_temple_overflow_diamond,
          portal_sewer_entry_d, kennysheep_generic_room_4
D:4:      old_forge, grunt_dithmenos_smoke
D:5:      temple_statues, first_bread
D:6:      uniq_sigmund
D:8:      serial_glass, glass_columns_a, glass_columns_b
D:9:      orc_0_dummy, serial_shops, nicolae_shop_behind_doors, uniq_erica,
          uniq_gastronok
D:10:     serial_shops, nicolae_shop_behind_doors, uniq_erolcha
D:11:     minmay_the_grid_square_5x5_4x4_mashed, serial_shops, shop, uniq_fannar
D:13:     david_vaults_4, hangedman_stone_soup, kennysheep_generic_room_15,
          uniq_maurice
D:14:     portal_ice_cave_entry_ice_beasts, interstate_on_off
D:15:     grunt_enter_depths_hoard, dk_noncrumbling_3, basic_altar, uniq_agnes
Lair:1:   tgw_fedhas, uniq_grum
Lair:2:   minmay_snake_entry_spellcaster
Lair:4:   nicolae_swamp_entry_splash_gauntlet, minmay_lair_oklob_items,
          uniq_kirke
Lair:5:   slime_altar_1, beast_lair_carwin_11
Lair:6:   evil_forest, minivault_11, infiniplex_staircase_pool_2, uniq_snorg
Orc:2:    st_orc_rangers, uniq_sonja
Elf:1:    eino_elf_arrival_sip, minmay_elf_sorcery
Elf:2:    serial_shops, shop, basic_loot_grate_trap, chequers_big_river,
          uniq_louise, uniq_roxanne
Elf:3:    elf_hall_gauntlet_wide, serial_shops, shop, shop, nicolae_shop_stone,
          nicolae_shop_trees, nicolae_shop_statue_plus,
          hangedman_elven_pyramids, serial_sigils_hangedman_gut, uniq_jorgrun
Abyss:3:  due_exit_kobolds
IceCv:    ice_cave_small_giant

Skill      XL: |  1  2  3  4  5  6  7  8  9 10 11 12 13 14 15 |
---------------+----------------------------------------------+-----
Short Blades   | 1 2 3 4 5 6 7 8 9 10 | 10.4
Long Blades    | 1 2 3 4 5 6 7 8 9 10 | 10.4
Maces & Flails | 1 2 3 4 5 6 7 8 9 10 | 10.4
Polearms       | 1 2 3 4 5 6 7 8 9 10 | 10.4
Staves         | 1 2 3 4 5 6 7 8 9 10 | 10.4
Slings         | 1 2 3 4 5 6 7 8 9 10 | 10.4
Bows           | 1 2 3 4 5 6 7 8 9 10 | 10.4
Crossbows      | 1 2 3 4 5 6 7 8 9 10 | 10.4
Throwing       | 1 2 3 4 5 6 7 8 9 10 | 10.4
Armour         | 1 2 3 4 5 6 7 8 9 10 | 10.4
Shields        | 1 2 3 4 5 6 7 8 9 10 | 10.4
Unarmed Combat | 1 2 3 4 5 6 7 8 9 10 | 10.4
Spellcasting   | 1 2 3 4 5 6 7 8 9 10 | 10.4
Conjurations   | 1 2 3 4 5 6 7 8 9 10 | 10.4
Hexes          | 1 2 3 4 5 6 7 8 9 10 | 10.4
Charms         | 1 2 3 4 5 6 7 8 9 10 | 10.4
Summonings     | 1 2 3 4 5 6 7 8 9 10 | 10.4
Necromancy     | 1 2 3 4 5 6 7 8 9 10 | 10.4
Translocations | 1 2 3 4 5 6 7 8 9 10 | 10.4
Transmutations | 1 2 3 4 5 6 7 8 9 10 | 10.4
Fire Magic     | 1 2 3 4 5 6 7 8 9 10 | 10.4
Ice Magic      | 1 2 3 4 5 6 7 8 9 10 | 10.4
Air Magic      | 1 2 3 4 5 6 7 8 9 10 | 10.4
Earth Magic    | 1 2 3 4 5 6 7 8 9 10 | 10.4
Poison Magic   | 1 2 3 4 5 6 7 8 9 10 | 10.4
Invocations    | 1 2 3 4 5 6 7 8 9 10 | 10.4
Evocations     | 1 2 3 4 5 6 7 8 9 10 | 10.4
Fighting       | 7 8 9 10 11 12 | 12.1
Axes           | 7 8 9 10 11 12 | 12.1
Dodging        | 7 8 9 10 11 12 | 12.1
Stealth        | 5 6 7 8 9 10 11 | 11.2

Action                   |  1- 3 |  4- 6 |  7- 9 | 10-12 | 13-15 | 16-18 || total
-------------------------+-------+-------+-------+-------+-------+-------++-------
Melee: Hand axe          |    90 |    33 |       |       |       |       ||   123
       Bite              |    11 |    20 |    28 |    55 |   157 |     5 ||   276
       War axe           |       |    97 |   159 |       |   316 |     4 ||   576
       Punch             |       |     1 |     4 |     2 |    44 |     1 ||    52
       Scimitar          |       |       |       |    18 |       |       ||    18
       Dire flail        |       |       |       |   217 |   178 |    12 ||   407
       Broad axe         |       |       |       |    16 |   262 |    10 ||   288
       Kick              |       |       |       |       |       |     6 ||     6
       Battleaxe         |       |       |       |       |       |     4 ||     4
Throw: Tomahawk          |       |     5 |       |    32 |       |       ||    37
 Cast: Passage of Golubr |       |       |       |     1 |    23 |     3 ||    27
       Apportation       |       |       |       |       |    58 |     1 ||    59
       Lesser Beckoning  |       |       |       |       |    16 |     1 ||    17
       Statue Form       |       |       |       |       |       |     4 ||     4
Invok: Slouch            |       |       |     1 |    11 |     6 |       ||    18
       Temporal Distorti |       |       |       |       |     1 |       ||     1
 Abil: End Transformatio |       |       |       |       |       |     2 ||     2
Evoke: Wand              |       |       |     1 |     3 |     5 |     3 ||    12
  Use: Scroll            |       |     7 |     1 |    12 |     8 |       ||    28
       Potion            |       |       |       |     1 |       |       ||     1
 Stab: Sleeping          |     1 |    10 |    14 |     7 |    33 |     2 ||    67
       Paralysed         |       |       |       |     7 |     2 |       ||     9
       Distracted        |       |       |       |     4 |     3 |     1 ||     8
  Eat: Chunk             |       |       |     3 |    11 |     3 |       ||    17
       Fruit             |       |       |       |     6 |     7 |       ||    13
       Royal jelly       |       |       |       |     3 |     3 |       ||     6
Armor: Robe              |     2 |     7 |       |       |       |       ||     9
       Ring mail         |       |    14 |    26 |    50 |       |       ||    90
       Troll leather arm |       |       |       |    12 |   141 |     1 ||   154
       Skin              |       |       |       |       |       |    11 ||    11
Dodge: Dodged            |    62 |   114 |   120 |   310 |   857 |    29 ||  1492
Block: Other             |       |     2 |    15 |    39 |   247 |       ||   303
       Reflection        |       |       |       |     2 |    14 |       ||    16
       Rpst.: Scimitar   |       |       |       |     5 |       |       ||     5

Table legend:
 A = Spawn XP
 B = Non-spawn XP
 C = Spawn XP percentage of total XP
 D = Spawn monster count
 E = Non-spawn monster count
 F = Spawn count percentage of total count
 G = Total turns spent on level
                    A         B        C        D         E        F      G
               +---------+---------+-------+---------+---------+-------+---------
         Total |       0 |  138533 |   0.0 |       0 |     603 |   0.0 |  9179
               +---------+---------+-------+---------+---------+-------+---------
           D:1 |       0 |      31 |   0.0 |       0 |      18 |   0.0 |   454
           D:2 |       0 |     145 |   0.0 |       0 |      19 |   0.0 |   479
           D:3 |       0 |     127 |   0.0 |       0 |      28 |   0.0 |   581
           D:4 |       0 |     407 |   0.0 |       0 |      12 |   0.0 |   446
           D:5 |       0 |     291 |   0.0 |       0 |      14 |   0.0 |   361
           D:6 |       0 |    1124 |   0.0 |       0 |      14 |   0.0 |   418
           D:7 |       0 |     561 |   0.0 |       0 |      10 |   0.0 |   177
           D:8 |       0 |     535 |   0.0 |       0 |       6 |   0.0 |   154
           D:9 |       0 |    3032 |   0.0 |       0 |      28 |   0.0 |   477
          D:10 |       0 |    2696 |   0.0 |       0 |      12 |   0.0 |   471
          D:11 |       0 |   16964 |   0.0 |       0 |      77 |   0.0 |   919
          D:12 |       0 |    1301 |   0.0 |       0 |       6 |   0.0 |   251
          D:13 |       0 |    6033 |   0.0 |       0 |      17 |   0.0 |   312
          D:14 |       0 |   10843 |   0.0 |       0 |      35 |   0.0 |   368
        Lair:1 |       0 |     532 |   0.0 |       0 |       2 |   0.0 |    45
        Lair:2 |       0 |    2784 |   0.0 |       0 |      13 |   0.0 |   279
        Lair:3 |       0 |    4388 |   0.0 |       0 |      16 |   0.0 |   213
        Lair:4 |       0 |    6846 |   0.0 |       0 |      18 |   0.0 |   213
        Lair:5 |       0 |    4714 |   0.0 |       0 |      13 |   0.0 |   224
        Lair:6 |       0 |   15783 |   0.0 |       0 |      54 |   0.0 |   419
         Orc:1 |       0 |    1011 |   0.0 |       0 |      19 |   0.0 |   209
         Orc:2 |       0 |    7612 |   0.0 |       0 |      74 |   0.0 |   343
         Elf:1 |       0 |   14240 |   0.0 |       0 |      22 |   0.0 |   245
         Elf:2 |       0 |    1795 |   0.0 |       0 |       3 |   0.0 |    87
         Elf:3 |       0 |   25493 |   0.0 |       0 |      37 |   0.0 |   557
         IceCv |       0 |    9245 |   0.0 |       0 |      36 |   0.0 |   444
               +---------+---------+-------+---------+---------+-------+---------
